 Dungeon Crawl Stone Soup version 0.27-a0-417-g317cea8a3c (webtiles) character file.

Game seed: 1120214170417850948

116 GEC the Caller (level 4, -4/30 HPs)
             Began as a Mummy Summoner on Feb 25, 2021.
             Slain by a river rat (8 damage)
             ... in a sewer.
             The game lasted 00:12:15 (3617 turns).

GEC the Caller (Mummy Summoner)                     Turns: 3617, Time: 00:12:16

Health: -4/30      AC:  4    Str: 11    XL:     4   Next: 69%
Magic:  4/9        EV: 13    Int: 15    God:
Gold:   96         SH:  0    Dex: 18    Spells: 4/10 levels left

rFire    x . .     SeeInvis .   e - +0 dagger
rCold    + . .     Faith    .   (no shield)
rNeg     + + +     Spirit   .   a - +0 robe
rPois    ∞         Reflect  .   (no helmet)
rElec    .         Harm     .   (no cloak)
rCorr    .         Rampage  .   (no gloves)
Will     .....                  j - +1 pair of boots
Stlth    ++........             (no amulet)
HPRegen  0.10/turn              l - +6 ring of dexterity
MPRegen  0.11/turn              b - ring of wizardry

@: no status effects
A: no potions, fire vulnerability, cold resistance 1, negative energy resistance
3, torment resistance, unbreathing
a: no special abilities


You were in a sewer.
You visited 1 branch of the dungeon, and saw 3 of its levels.
You also visited: Sewer.

You collected 96 gold pieces.

Inventory:

Hand Weapons
 e - a +0 dagger (weapon)
Armour
 a - a +0 robe (worn)
 j - a +1 pair of boots (worn)
Jewellery
 b - a ring of wizardry (right hand)
 l - a +6 ring of dexterity (left hand)
Scrolls
 d - a scroll of teleportation
 f - 3 scrolls of fog
 g - a scroll of enchant armour
 m - a scroll of enchant weapon


   Skills:
 + Level 2.2 Dodging
 + Level 2.4 Stealth
 + Level 3.5 Spellcasting
 * Level 4.1 Summonings


You had 4 spell levels left.
You knew the following spells:

 Your Spells              Type           Power        Failure   Level
a - Summon Small Mammal   Summ           60%          1%          1
b - Call Imp              Summ           15%          2%          2
c - Call Canine Familiar  Summ           15%          4%          3

Your spell library contained the following spells:

 Spells                   Type           Power        Failure   Level
 Summon Guardian Golem    Hex/Summ       8%           10%         3
 Summon Ice Beast         Ice/Summ       8%           32%         4
 Summon Lightning Spire   Summ/Air       8%           32%         4


Dungeon Overview and Level Annotations

Branches:
Dungeon (3/15)              Sewer (1/1)

Altars:
Fedhas
Makhleb
Vehumet


Innate Abilities, Weirdness & Mutations

You do not drink.
Your flesh is vulnerable to fire.
You are immune to poison.
Your flesh is cold resistant. (rC+)
You are immune to negative energy. (rN+++)
You are immune to unholy pain and torment.
You can survive without breathing.


Message History

The river rat barely misses your crimson imp.
The river rat bites you.
Your crimson imp hits the river rat.
You hit the river rat but do no damage.
The river rat is almost dead.
The river rat completely misses your crimson imp.
The river rat bites you!
* * * LOW HITPOINT WARNING * * *
The river rat closely misses you.
Your crimson imp closely misses the river rat.
As you read the scroll labelled CESHET TIPRE, it crumbles to dust.
You hear a loud clanging noise!
It was a scroll of noise.
The river rat bites your crimson imp.
Your crimson imp barely misses the river rat.
The river rat bites you.
* * * LOW HITPOINT WARNING * * *
The river rat bites you but does no damage.
Your crimson imp hits the river rat but does no damage.
As you read the scroll labelled WUSIF MUGYVI, it crumbles to dust.
It is a scroll of amnesia.
Really abort (and waste the scroll)?
Okay, then.
The river rat closely misses your crimson imp.
Your crimson imp hits the river rat.
The river rat barely misses you. x2
Your crimson imp hits the river rat but does no damage.
You aren't carrying any items that you can evoke.
You can't drink.
Okay, then.
You closely miss the river rat.
The river rat is almost dead.
The river rat closely misses your crimson imp.
Your crimson imp hits the river rat but does no damage.
The river rat barely misses you.
The river rat bites your crimson imp but does no damage.
Your crimson imp barely misses the river rat.
You barely miss the river rat.
The river rat is heavily wounded.
The river rat closely misses your crimson imp.
Your crimson imp blinks!
The river rat bites you!
You die... ############### ≈....r5r@r§..5# ###############

You could see 3 river rats and 2 friendly crimson imps.

Vanquished Creatures
  2 adders (D:2)
  An ooze (D:1)
  A dart slug (D:3)
  8 bats
  2 goblins (D:2)
  3 hobgoblins (D:2)
  3 ball pythons (D:3)
  A frilled lizard (D:2)
  2 kobolds (D:2)
  9 rats
32 creatures vanquished.

Vanquished Creatures (collateral kills)
  A crimson imp (D:2)
  4 gnolls (D:2)
  An adder (D:2)
  2 river rats (D:3)
  A dart slug (D:1)
  An orc (D:3)
  3 bats
  A giant cockroach (D:1)
  A hobgoblin (D:1)
  A frilled lizard (D:2)
  3 kobolds
  6 rats
25 creatures vanquished.

Grand Total: 57 creatures vanquished

Notes
Turn   | Place    | Note
-------+----------+-------------------------------------------
     0 | D:1      | GEC the Mummy Summoner began the quest for the Orb.
     0 | D:1      | Reached XP level 1. HP: 13/13 MP: 4/4
   519 | D:1      | Reached XP level 2. HP: 8/19 MP: 1/5
   733 | D:1      | Learned a level 2 spell: Call Imp
  1952 | D:2      | Reached XP level 3. HP: 24/24 MP: 3/7
  2078 | D:2      | Found a blossoming altar of Fedhas.
  2490 | D:2      | Found a radiant altar of Vehumet.
  2547 | D:2      | Reached XP level 4. HP: 24/30 MP: 6/9
  2840 | D:2      | Found a burning altar of Makhleb.
  2861 | D:2      | Reached skill level 4 in Summonings
  3259 | D:2      | Learned a level 3 spell: Call Canine Familiar
  3591 | D:3      | Found a glowing drain.
  3598 | Sewer    | Entered a sewer
  3617 | Sewer    | Slain by a river rat

Illustrated notes

Levels and vault maps discovered:
D:1:      dpeg_arrival_chambers_temple_mockup, layout_basic
D:2:      layout_loops_ring, fiery_altar_vehumet, lemuel_doored_altar,
          makhleb_grotto_becter
D:3:      layout_basic, portal_sewer_entry_e, minmay_misc_feat_chi, uniq_sigmund
Sewer:    sewer_kobolds

Skill      XL: |  1  2  3  4 |
---------------+-------------+-----
Spellcasting   | 3 |  3.5
Stealth        | 2 |  2.4
Dodging        | 2 |  2.2
Summonings     | 4 |  4.1

Action                   |  1- 3 |  4- 6 || total
-------------------------+-------+-------++-------
Melee: Unarmed           |    15 |       ||    15
       Dagger            |    72 |    83 ||   155
 Cast: Summon Small Mamm |    27 |       ||    27
       Call Imp          |    10 |    13 ||    23
  Use: Scroll            |       |     8 ||     8
 Stab: Sleeping          |     4 |     1 ||     5
       Distracted        |     2 |     1 ||     3
Armor: Robe              |    25 |    24 ||    49
Dodge: Dodged            |    71 |    65 ||   136

Table legend: (Time is in decaauts)
 A = Elapsed time spent in this place.
 B = Non-inter-level travel time spent in this place.
 C = Inter-level travel time spent in this place.
 D = Time resting spent in this place.
 E = Time spent auto-exploring this place.
 F = Levels seen in this place.
 G = Mean time per level.
                   A        B        C        D        E       F      G
               +--------+--------+--------+--------+--------+-----+--------+
         Total |   3619 |   3575 |     44 |    577 |   2365 |   4 |  904.8 |
       Dungeon |   3600 |   3556 |     44 |    577 |   2365 |   3 | 1200.0 |
         Sewer |     18 |     18 |      0 |      0 |      0 |   1 |   18.0 |
               +--------+--------+--------+--------+--------+-----+--------+

Top non-repeatable levels by time:
     D:2: 1783 daAuts
     D:1: 1474 daAuts
     D:3: 342 daAuts
   Sewer: 18 daAuts
